General information
- name: BNet
- type: Ladder team game (AT/RT)
- host: Battle.net
- saver: landofthefree
map: FullScaleAssault
- players: 8
- length: 57:53
- speed: Fast
- version: 1.26 W3XP
- replay type: Public
» download(265 KB)
Players
team 1 (winner)

»
HerbalDruid (
yellow | 23 APM | 1348 actions | 57:51)
10 Crypt Lord
3 Carrion Beetles
3 Spiked Carapace
1 Locust Swarm
3 Impale
7 Death Knight
3 Unholy Aura
3 Death Coil
1 Animate Dead
» actions
| Assign group hotkey | 40 | |
| Basic commands | 3 | |
| Build / train | 95 | |
| Enter build submenu | 19 | |
| Enter hero's abilities submenu | 17 | |
| Give item / drop item | 3 | |
| Right click | 421 | |
| Select / deselect | 367 | |
| Select group hotkey | 329 | |
| Use ability | 54 | |
1348 total
» units
| Acolyte | 13 | |
| Ghoul | 6 | |
| Gargoyle | 24 | |
| Frost Wyrm | 12 | |
| Blue Dragon | 6 | |
| Blue Drake | 2 | |
| Goblin Zeppelin | 1 | |
64 total
» upgrades
| Creature Attack | 3 | |
| Creature Carapace | 4 | |
| Freezing Breath | 1 | |
8 total
» buildings
| Ziggurat | 16 | |
| Altar of Darkness | 1 | |
| Crypt | 2 | |
| Graveyard | 1 | |
| Halls of the Dead | 1 | |
| Black Citadel | 1 | |
| Sacrificial Pit | 1 | |
| Boneyard | 2 | |
| Spirit Tower | 2 | |
27 total
» build order
00:08 Ziggurat
00:12 Altar of Darkness
00:41 Crypt
01:13 Graveyard
02:29 Ziggurat
02:51 Halls of the Dead
03:08 Ziggurat
04:30 Ziggurat
04:55 Crypt
05:29 Black Citadel
05:36 Sacrificial Pit
08:27 Boneyard
09:00 Boneyard
09:12 Ziggurat
09:13 Ziggurat
12:12 Ziggurat
12:13 Ziggurat
12:15 Ziggurat
12:49 Ziggurat
12:51 Ziggurat
12:52 Ziggurat
14:38 Spirit Tower
19:11 Spirit Tower
24:42 Ziggurat
24:43 Ziggurat
24:45 Ziggurat
32:54 Ziggurat
suwozaki (
green | 37 APM | 2167 actions | 57:51)
3 Mountain King
1 Thunder Clap
1 Bash
1 Storm Bolt
1 Paladin
1 Holy Light
» actions
| Assign group hotkey | 149 | |
| Basic commands | 93 | |
| Build / train | 84 | |
| Enter build submenu | 25 | |
| Enter hero's abilities submenu | 4 | |
| Remove unit from queue | 1 | |
| Right click | 800 | |
| Select / deselect | 528 | |
| Select group hotkey | 387 | |
| Use ability | 96 | |
2167 total
» units
| Peasant | 6 | |
| Footman | 4 | |
| Rifleman | 5 | |
| Priest | 4 | |
| Mortar Team | 3 | |
| Knight | 2 | |
| Siege Engine | 32 | |
56 total
» upgrades
| Masonry | 3 | |
| Plating | 3 | |
| Lumber Harvesting | 2 | |
| Priest Training | 2 | |
| Gunpowder | 3 | |
| Barrage | 1 | |
| Strength of the Moon | 1 | |
| Ultravision | 1 | |
16 total
» buildings
| Altar of Kings | 1 | |
| Farm | 14 | |
| Barracks | 1 | |
| Lumber Mill | 1 | |
| Blacksmith | 1 | |
| Arcane Vault | 1 | |
| Keep | 1 | |
| Castle | 1 | |
| Arcane Sanctum | 1 | |
| Workshop | 2 | |
| Gryphon Aviary | 1 | |
25 total
» build order
00:06 Altar of Kings
00:08 Farm
00:13 Barracks
00:48 Farm
02:15 Lumber Mill
03:04 Farm
03:06 Farm
03:12 Farm
03:27 Blacksmith
03:31 Arcane Vault
04:31 Keep
05:21 Farm
05:24 Farm
07:19 Castle
07:25 Arcane Sanctum
08:27 Workshop
08:32 Farm
09:48 Farm
10:27 Farm
11:54 Farm
13:28 Farm
16:22 Farm
16:24 Farm
22:45 Gryphon Aviary
29:48 Workshop
» items
landofthefree (
red | 46 APM | 2667 actions | 57:53)
4 Archmage
2 Blizzard
2 Brilliance Aura
4 Pit Lord
2 Rain of Fire
2 Cleaving Attack
3 Blood Mage
2 Flame Strike
1 Siphon Mana
» actions
| Assign group hotkey | 44 | |
| Basic commands | 101 | |
| Build / train | 156 | |
| ESC pressed | 3 | |
| Enter build submenu | 87 | |
| Enter hero's abilities submenu | 11 | |
| Give item / drop item | 18 | |
| Right click | 749 | |
| Select / deselect | 611 | |
| Select group hotkey | 423 | |
| Use ability | 464 | |
2667 total
» units
| Peasant | 39 | |
| Goblin Shredder | 4 | |
| Gryphon Rider | 5 | |
| Goblin Zeppelin | 1 | |
49 total
» upgrades
| Masonry | 3 | |
| Swords | 3 | |
| Armor | 3 | |
| Storm Hammers | 1 | |
| Animal War Training | 1 | |
| Lumber Harvesting | 2 | |
| Gunpowder | 3 | |
| Plating | 3 | |
| Flak Cannons | 1 | |
| Fragmentation Shards | 1 | |
| Flare | 1 | |
| Flying Machine Bombs | 1 | |
| Barrage | 1 | |
| Long Rifles | 1 | |
| Defend | 1 | |
| Magic Sentry | 1 | |
27 total
» buildings
| Altar of Kings | 1 | |
| Farm | 13 | |
| Lumber Mill | 5 | |
| Town Hall | 3 | |
| Scout Tower | 290 | |
| Arcane Tower | 2 | |
| Guard Tower | 53 | |
| Keep | 3 | |
| Castle | 1 | |
| Blacksmith | 2 | |
| Gryphon Aviary | 6 | |
| Barracks | 1 | |
| Workshop | 5 | |
| Arcane Sanctum | 1 | |
386 total
» build order
00:07 Altar of Kings
00:10 Farm
00:45 Farm
01:11 Farm
01:22 Lumber Mill
01:31 Farm
03:12 Town Hall
03:16 Scout Tower
03:29 Farm
03:40 Scout Tower
03:41 Scout Tower
03:52 Arcane Tower
03:54 Scout Tower
04:40 Guard Tower
04:43 Scout Tower
04:43 Scout Tower
05:08 Keep
05:08 Keep
05:10 Guard Tower
05:10 Guard Tower
05:18 Scout Tower
05:19 Scout Tower
05:26 Guard Tower
05:31 Guard Tower
05:35 Guard Tower
05:52 Guard Tower
05:54 Scout Tower
05:55 Scout Tower
05:58 Scout Tower
05:59 Scout Tower
06:09 Farm
06:15 Farm
07:36 Castle
07:39 Blacksmith
07:39 Blacksmith
07:43 Gryphon Aviary
07:44 Gryphon Aviary
07:44 Gryphon Aviary
07:45 Gryphon Aviary
07:46 Gryphon Aviary
07:50 Gryphon Aviary
07:59 Farm
07:59 Farm
07:59 Farm
08:00 Farm
08:00 Farm
08:02 Farm
08:53 Barracks
09:23 Keep
10:05 Town Hall
13:15 Town Hall
17:23 Workshop
17:23 Workshop
17:24 Workshop
17:25 Workshop
17:26 Workshop
19:43 Scout Tower
19:44 Scout Tower
19:45 Scout Tower
19:46 Scout Tower
19:47 Scout Tower
19:48 Scout Tower
19:49 Scout Tower
19:50 Scout Tower
19:51 Scout Tower
19:51 Scout Tower
19:52 Scout Tower
19:53 Scout Tower
19:55 Scout Tower
19:56 Scout Tower
19:57 Scout Tower
19:58 Scout Tower
19:59 Scout Tower
19:59 Scout Tower
20:01 Scout Tower
20:02 Scout Tower
20:03 Scout Tower
20:04 Scout Tower
20:04 Scout Tower
20:05 Scout Tower
20:26 Guard Tower
20:56 Guard Tower
21:07 Lumber Mill
21:19 Scout Tower
21:20 Scout Tower
21:20 Scout Tower
21:21 Scout Tower
21:21 Scout Tower
21:22 Scout Tower
21:23 Scout Tower
21:24 Scout Tower
21:24 Scout Tower
21:25 Scout Tower
21:26 Scout Tower
21:27 Scout Tower
21:28 Guard Tower
21:39 Scout Tower
21:40 Scout Tower
21:41 Scout Tower
21:51 Scout Tower
21:52 Scout Tower
21:53 Guard Tower
22:13 Guard Tower
22:25 Guard Tower
22:29 Scout Tower
22:31 Scout Tower
22:32 Scout Tower
22:33 Scout Tower
22:33 Scout Tower
22:34 Scout Tower
22:34 Scout Tower
22:37 Guard Tower
22:39 Guard Tower
23:18 Guard Tower
23:40 Guard Tower
23:44 Scout Tower
23:45 Scout Tower
23:46 Scout Tower
23:46 Scout Tower
23:48 Scout Tower
23:48 Scout Tower
23:49 Scout Tower
23:50 Scout Tower
23:51 Scout Tower
23:51 Scout Tower
23:52 Scout Tower
23:53 Scout Tower
23:54 Scout Tower
23:55 Scout Tower
23:55 Scout Tower
23:56 Scout Tower
23:57 Guard Tower
24:07 Scout Tower
24:12 Guard Tower
24:15 Scout Tower
24:16 Scout Tower
24:17 Scout Tower
24:18 Scout Tower
24:21 Scout Tower
24:22 Scout Tower
24:23 Scout Tower
24:30 Scout Tower
24:33 Scout Tower
24:34 Scout Tower
24:37 Guard Tower
24:42 Scout Tower
24:44 Scout Tower
24:45 Scout Tower
24:45 Scout Tower
24:46 Scout Tower
24:47 Scout Tower
24:48 Scout Tower
24:52 Guard Tower
24:58 Scout Tower
25:00 Scout Tower
25:00 Scout Tower
25:01 Scout Tower
25:02 Scout Tower
25:03 Scout Tower
25:23 Guard Tower
25:25 Guard Tower
25:29 Scout Tower
25:30 Scout Tower
25:30 Scout Tower
25:32 Scout Tower
25:32 Scout Tower
25:33 Scout Tower
25:33 Scout Tower
25:34 Scout Tower
25:35 Scout Tower
25:42 Scout Tower
25:46 Scout Tower
25:48 Guard Tower
25:51 Scout Tower
25:52 Scout Tower
25:54 Scout Tower
25:54 Scout Tower
25:55 Scout Tower
25:56 Scout Tower
25:57 Scout Tower
25:58 Scout Tower
25:59 Scout Tower
25:59 Scout Tower
26:00 Scout Tower
26:04 Scout Tower
26:05 Scout Tower
26:06 Scout Tower
26:06 Scout Tower
26:07 Scout Tower
26:08 Scout Tower
26:09 Scout Tower
26:09 Scout Tower
26:10 Scout Tower
26:11 Guard Tower
26:23 Scout Tower
26:29 Lumber Mill
26:39 Guard Tower
27:01 Guard Tower
27:06 Lumber Mill
27:13 Lumber Mill
27:28 Guard Tower
27:34 Scout Tower
27:35 Scout Tower
27:36 Scout Tower
27:36 Scout Tower
27:37 Scout Tower
27:38 Scout Tower
27:39 Scout Tower
27:47 Scout Tower
27:50 Scout Tower
27:51 Scout Tower
27:52 Scout Tower
27:54 Scout Tower
27:55 Scout Tower
27:56 Scout Tower
27:58 Guard Tower
28:04 Scout Tower
28:04 Scout Tower
28:05 Scout Tower
28:06 Scout Tower
28:07 Scout Tower
28:07 Scout Tower
28:08 Scout Tower
28:09 Scout Tower
28:24 Guard Tower
28:31 Guard Tower
28:36 Scout Tower
28:36 Scout Tower
28:40 Scout Tower
28:41 Guard Tower
28:45 Scout Tower
28:45 Scout Tower
28:46 Scout Tower
28:47 Scout Tower
28:48 Scout Tower
28:48 Scout Tower
28:49 Scout Tower
28:50 Scout Tower
28:51 Scout Tower
28:55 Scout Tower
28:56 Scout Tower
28:57 Scout Tower
28:57 Scout Tower
28:58 Scout Tower
28:59 Scout Tower
28:59 Scout Tower
29:00 Scout Tower
29:01 Scout Tower
29:08 Guard Tower
29:14 Scout Tower
29:14 Scout Tower
29:15 Scout Tower
29:16 Scout Tower
29:16 Scout Tower
29:17 Scout Tower
29:17 Scout Tower
29:20 Scout Tower
29:20 Scout Tower
29:21 Scout Tower
29:22 Scout Tower
29:23 Scout Tower
29:24 Scout Tower
29:25 Scout Tower
29:26 Scout Tower
29:33 Scout Tower
29:37 Scout Tower
29:44 Scout Tower
29:48 Guard Tower
29:52 Scout Tower
29:53 Scout Tower
29:53 Scout Tower
29:54 Scout Tower
29:55 Scout Tower
29:56 Scout Tower
29:57 Scout Tower
29:58 Scout Tower
30:06 Arcane Sanctum
30:18 Guard Tower
30:18 Guard Tower
30:21 Scout Tower
30:35 Guard Tower
30:39 Guard Tower
30:45 Scout Tower
30:46 Scout Tower
30:47 Scout Tower
30:48 Scout Tower
30:50 Scout Tower
30:55 Scout Tower
30:55 Scout Tower
30:56 Scout Tower
30:57 Guard Tower
31:01 Scout Tower
31:02 Scout Tower
31:02 Scout Tower
31:03 Scout Tower
31:04 Scout Tower
31:04 Scout Tower
31:06 Scout Tower
31:06 Scout Tower
31:08 Scout Tower
31:08 Scout Tower
31:10 Scout Tower
31:11 Scout Tower
31:12 Scout Tower
31:12 Scout Tower
31:14 Scout Tower
31:24 Scout Tower
31:30 Guard Tower
31:50 Guard Tower
32:19 Scout Tower
32:20 Scout Tower
32:21 Scout Tower
32:23 Scout Tower
32:23 Scout Tower
32:24 Scout Tower
32:25 Scout Tower
32:25 Scout Tower
32:27 Scout Tower
32:28 Scout Tower
32:29 Scout Tower
32:31 Scout Tower
32:32 Scout Tower
32:33 Scout Tower
32:34 Scout Tower
32:39 Scout Tower
32:40 Scout Tower
32:42 Scout Tower
32:44 Guard Tower
32:51 Scout Tower
32:52 Scout Tower
32:53 Scout Tower
32:53 Scout Tower
32:54 Scout Tower
32:55 Scout Tower
33:01 Scout Tower
33:02 Scout Tower
33:02 Scout Tower
33:03 Scout Tower
33:04 Scout Tower
33:04 Scout Tower
33:05 Scout Tower
33:07 Scout Tower
33:12 Scout Tower
33:16 Scout Tower
33:32 Guard Tower
33:34 Guard Tower
34:07 Guard Tower
34:12 Scout Tower
34:13 Scout Tower
34:14 Scout Tower
34:15 Scout Tower
34:16 Scout Tower
34:16 Scout Tower
34:17 Scout Tower
34:18 Scout Tower
34:19 Scout Tower
34:20 Scout Tower
34:20 Scout Tower
34:21 Scout Tower
34:22 Scout Tower
34:23 Scout Tower
34:24 Scout Tower
34:31 Scout Tower
34:32 Scout Tower
34:33 Scout Tower
34:34 Scout Tower
34:34 Scout Tower
34:35 Scout Tower
34:36 Scout Tower
34:37 Scout Tower
34:38 Scout Tower
34:39 Scout Tower
34:40 Scout Tower
34:41 Scout Tower
34:42 Scout Tower
34:43 Scout Tower
34:44 Scout Tower
34:47 Guard Tower
35:08 Guard Tower
35:10 Guard Tower
35:36 Guard Tower
35:43 Guard Tower
35:43 Guard Tower
35:44 Guard Tower
55:51 Arcane Tower
» items
| Boots of Speed | 3 | |
| Staff of Teleportation | 3 | |
| Scroll of Town Portal | 1 | |
7 total
risingmoon28 (
purple | 21 APM | 927 actions | 44:43)
9 Priestess of the Moon
3 Trueshot Aura
3 Searing Arrows
1 Starfall
2 Scout
» actions
| Basic commands | 6 | |
| Build / train | 92 | |
| Enter build submenu | 20 | |
| Enter hero's abilities submenu | 8 | |
| Remove unit from queue | 15 | |
| Right click | 355 | |
| Select / deselect | 370 | |
| Use ability | 61 | |
927 total
» units
| Wisp | 25 | |
| Archer | 5 | |
| Dryad | 2 | |
| Druid of the Claw | 2 | |
| Glaive Thrower | 11 | |
| Mountain Giant | 6 | |
51 total
» upgrades
| Strength of the Wild | 3 | |
| Reinforced Hides | 3 | |
| Druid of the Claw Training | 2 | |
| Abolish Magic | 1 | |
| Vorpal Blades | 1 | |
| Mark of the Claw | 1 | |
| Well Spring | 1 | |
| Resistant Skin | 1 | |
| Hardened Skin | 1 | |
14 total
» buildings
| Altar of Elders | 1 | |
| Moon Well | 9 | |
| Ancient of War | 3 | |
| Tree of Ages | 1 | |
| Hunter's Hall | 1 | |
| Tree of Life | 2 | |
| Ancient of Lore | 3 | |
| Ancient of Wonders | 1 | |
| Tree of Eternity | 1 | |
22 total
» build order
00:26 Altar of Elders
00:41 Moon Well
00:54 Ancient of War
01:16 Moon Well
01:54 Moon Well
03:46 Tree of Ages
03:52 Hunter's Hall
04:54 Tree of Life
06:21 Ancient of Lore
06:25 Ancient of Lore
08:34 Moon Well
08:47 Ancient of Wonders
09:26 Moon Well
11:34 Tree of Eternity
11:45 Moon Well
11:57 Ancient of Lore
19:40 Moon Well
20:29 Moon Well
20:47 Moon Well
23:59 Ancient of War
24:06 Ancient of War
25:09 Tree of Life
» items
| Potion of Lesser Invulnerability | 1 | |
1 total
team 2 (loser)

»
Ral (
pink | 34 APM | 219 actions | 06:21)
2 Crypt Lord
1 Carrion Beetles
1 Spiked Carapace
» actions
| Build / train | 21 | |
| Enter build submenu | 9 | |
| Enter hero's abilities submenu | 2 | |
| Remove unit from queue | 1 | |
| Right click | 92 | |
| Select / deselect | 83 | |
| Use ability | 11 | |
219 total
» units
| Acolyte | 3 | |
| Ghoul | 4 | |
| Crypt Fiend | 5 | |
12 total
» upgrades
| Creature Attack | 1 | |
| Creature Carapace | 1 | |
2 total
» buildings
| Ziggurat | 5 | |
| Altar of Darkness | 1 | |
| Crypt | 1 | |
| Graveyard | 1 | |
| Tomb of Relics | 1 | |
| Halls of the Dead | 1 | |
| Nerubian Tower | 1 | |
11 total
» build order
00:07 Ziggurat
00:11 Altar of Darkness
00:41 Crypt
01:12 Graveyard
01:28 Ziggurat
02:01 Tomb of Relics
02:56 Ziggurat
04:47 Halls of the Dead
05:51 Ziggurat
05:56 Nerubian Tower
06:00 Ziggurat
» items
bakkastabba (
orange | 93 APM | 603 actions | 06:30)
3 Blademaster
2 Wind Walk
1 Critical Strike
» actions
| Assign group hotkey | 62 | |
| Basic commands | 3 | |
| Build / train | 28 | |
| Enter build submenu | 9 | |
| Enter hero's abilities submenu | 3 | |
| Give item / drop item | 1 | |
| Right click | 235 | |
| Select / deselect | 85 | |
| Select group hotkey | 156 | |
| Use ability | 21 | |
603 total
» units
| Peon | 6 | |
| Grunt | 2 | |
| Troll Headhunter/Berserker | 6 | |
14 total
» buildings
| Altar of Storms | 1 | |
| Orc Burrow | 4 | |
| Barracks | 2 | |
| War Mill | 1 | |
| Voodoo Lounge | 1 | |
| Stronghold | 2 | |
11 total
» build order
00:24 Altar of Storms
00:38 Orc Burrow
00:54 Barracks
01:10 War Mill
01:47 Orc Burrow
02:16 Barracks
02:46 Voodoo Lounge
03:57 Stronghold
03:57 Stronghold
04:14 Orc Burrow
05:24 Orc Burrow
» items
sh1tsucker (
blue | 83 APM | 4813 actions | 57:50)
9 Pit Lord
3 Rain of Fire
2 Cleaving Attack
3 Howl of Terror
1 Doom
6 Archmage
1 Blizzard
2 Brilliance Aura
2 Summon Water Elemental
1 Mass Teleport
7 Death Knight
3 Unholy Aura
2 Death Pact
1 Death Coil
1 Animate Dead
4 Paladin
3 Devotion Aura
1 Holy Light
7 Crypt Lord
2 Spiked Carapace
3 Impale
1 Locust Swarm
1 Carrion Beetles
6 Blademaster
2 Critical Strike
1 Bladestorm
2 Mirror Image
1 Wind Walk
6 Dreadlord
3 Vampiric Aura
2 Carrion Swarm
1 Inferno
» actions
| Assign group hotkey | 132 | |
| Basic commands | 231 | |
| Build / train | 458 | |
| ESC pressed | 1 | |
| Enter build submenu | 95 | |
| Enter hero's abilities submenu | 43 | |
| Give item / drop item | 10 | |
| Remove unit from queue | 37 | |
| Right click | 1216 | |
| Select / deselect | 1016 | |
| Select group hotkey | 1125 | |
| Use ability | 449 | |
4813 total
» units
| Peasant | 38 | |
| Goblin Shredder | 4 | |
| Gargoyle | 11 | |
| Troll Headhunter/Berserker | 5 | |
| Acolyte | 7 | |
| Peon | 6 | |
| Troll Batrider | 39 | |
| Gryphon Rider | 55 | |
| Frost Wyrm | 28 | |
| Footman | 2 | |
| Knight | 3 | |
| Wind Rider | 10 | |
| Goblin Zeppelin | 1 | |
| Raider | 6 | |
215 total
» upgrades
| Reinforced Defenses | 1 | |
| Liquid Fire | 1 | |
| Creature Attack | 2 | |
| Creature Carapace | 2 | |
| Animal War Training | 2 | |
| Swords | 9 | |
| Armor | 10 | |
| Berserker Upgrade | 1 | |
| Masonry | 1 | |
| Gunpowder | 0 | |
| Ranged Weapons | 3 | |
| Plating | 4 | |
| Storm Hammers | 1 | |
| Ensnare | 1 | |
| Pillage | 1 | |
39 total
» buildings
| Altar of Kings | 1 | |
| Farm | 28 | |
| Lumber Mill | 4 | |
| Arcane Vault | 1 | |
| Town Hall | 3 | |
| Scout Tower | 112 | |
| Guard Tower | 44 | |
| Arcane Tower | 1 | |
| Necropolis | 1 | |
| Spirit Tower | 3 | |
| Great Hall | 1 | |
| Watch Tower | 3 | |
| Fortress | 4 | |
| Black Citadel | 5 | |
| Ziggurat | 7 | |
| Castle | 10 | |
| Keep | 5 | |
| Sacrificial Pit | 1 | |
| Beastiary | 5 | |
| Orc Burrow | 5 | |
| Blacksmith | 2 | |
| Barracks | 4 | |
| Nerubian Tower | 1 | |
| Boneyard | 3 | |
| Gryphon Aviary | 4 | |
258 total
» build order
00:12 Altar of Kings
00:17 Farm
01:15 Farm
01:40 Farm
02:20 Lumber Mill
02:29 Arcane Vault
02:36 Farm
04:16 Town Hall
04:20 Scout Tower
04:21 Scout Tower
04:23 Scout Tower
04:25 Scout Tower
04:26 Scout Tower
04:28 Scout Tower
04:29 Scout Tower
04:30 Scout Tower
04:34 Scout Tower
04:35 Scout Tower
04:36 Scout Tower
04:38 Scout Tower
05:55 Guard Tower
05:58 Arcane Tower
06:32 Guard Tower
06:33 Guard Tower
06:34 Guard Tower
06:34 Guard Tower
06:46 Guard Tower
06:59 Necropolis
07:23 Scout Tower
07:26 Scout Tower
07:26 Scout Tower
07:27 Scout Tower
07:51 Scout Tower
08:01 Guard Tower
08:18 Scout Tower
08:18 Scout Tower
08:18 Scout Tower
08:18 Scout Tower
08:19 Scout Tower
08:19 Scout Tower
08:19 Scout Tower
08:20 Scout Tower
08:20 Scout Tower
08:20 Scout Tower
08:21 Scout Tower
08:21 Scout Tower
08:21 Scout Tower
08:23 Lumber Mill
08:27 Scout Tower
08:28 Scout Tower
08:28 Scout Tower
08:28 Scout Tower
08:29 Scout Tower
08:30 Guard Tower
08:39 Scout Tower
08:40 Scout Tower
08:40 Scout Tower
08:44 Spirit Tower
08:44 Spirit Tower
08:58 Guard Tower
09:13 Guard Tower
09:14 Scout Tower
09:16 Scout Tower
09:16 Scout Tower
09:17 Scout Tower
09:18 Scout Tower
09:18 Scout Tower
09:26 Great Hall
09:29 Watch Tower
09:29 Watch Tower
09:30 Watch Tower
09:32 Fortress
09:33 Fortress
09:33 Fortress
09:34 Black Citadel
09:34 Black Citadel
09:35 Black Citadel
09:35 Black Citadel
09:39 Ziggurat
09:39 Ziggurat
09:40 Ziggurat
09:43 Guard Tower
09:45 Guard Tower
09:45 Guard Tower
09:45 Guard Tower
09:46 Guard Tower
09:49 Scout Tower
09:50 Scout Tower
09:50 Scout Tower
09:50 Scout Tower
09:51 Scout Tower
09:51 Scout Tower
09:53 Scout Tower
09:53 Scout Tower
09:57 Guard Tower
10:00 Scout Tower
10:00 Scout Tower
10:01 Scout Tower
10:01 Scout Tower
10:01 Scout Tower
10:01 Scout Tower
10:02 Scout Tower
10:02 Scout Tower
10:03 Scout Tower
10:04 Scout Tower
10:04 Scout Tower
10:22 Guard Tower
10:38 Guard Tower
10:56 Lumber Mill
10:57 Guard Tower
10:59 Scout Tower
11:00 Scout Tower
11:02 Scout Tower
11:03 Scout Tower
11:04 Guard Tower
11:21 Guard Tower
11:59 Castle
11:59 Castle
11:59 Castle
11:59 Castle
12:02 Keep
12:03 Keep
12:03 Keep
12:06 Sacrificial Pit
12:08 Ziggurat
12:08 Ziggurat
12:16 Beastiary
12:17 Beastiary
12:17 Beastiary
12:28 Beastiary
12:29 Beastiary
12:30 Orc Burrow
12:42 Guard Tower
12:45 Blacksmith
12:45 Barracks
12:49 Farm
12:49 Farm
12:49 Farm
12:53 Guard Tower
13:24 Guard Tower
13:32 Guard Tower
13:39 Guard Tower
13:43 Farm
13:44 Farm
13:44 Farm
13:44 Farm
13:48 Nerubian Tower
13:49 Ziggurat
13:50 Ziggurat
14:09 Boneyard
14:10 Boneyard
14:10 Boneyard
14:21 Gryphon Aviary
14:21 Gryphon Aviary
14:22 Gryphon Aviary
14:24 Gryphon Aviary
14:27 Farm
14:44 Spirit Tower
16:59 Orc Burrow
16:59 Orc Burrow
17:04 Farm
17:05 Farm
17:05 Farm
17:06 Farm
17:06 Farm
17:06 Farm
17:07 Farm
17:07 Farm
17:07 Farm
17:24 Castle
17:24 Castle
17:24 Castle
17:24 Castle
17:44 Barracks
17:47 Barracks
17:49 Barracks
17:51 Farm
17:51 Farm
17:52 Farm
17:52 Farm
20:06 Scout Tower
20:07 Scout Tower
20:07 Scout Tower
20:07 Scout Tower
20:08 Scout Tower
20:08 Scout Tower
20:08 Scout Tower
20:09 Scout Tower
20:33 Blacksmith
20:34 Lumber Mill
21:17 Town Hall
21:36 Guard Tower
21:44 Guard Tower
21:44 Guard Tower
21:44 Guard Tower
21:44 Guard Tower
21:49 Guard Tower
21:49 Guard Tower
21:50 Scout Tower
21:51 Scout Tower
21:51 Scout Tower
21:51 Scout Tower
21:52 Scout Tower
21:52 Scout Tower
21:52 Scout Tower
21:52 Scout Tower
21:53 Scout Tower
21:53 Scout Tower
21:53 Scout Tower
21:53 Scout Tower
21:54 Scout Tower
22:40 Guard Tower
22:44 Scout Tower
22:44 Scout Tower
22:44 Scout Tower
22:45 Scout Tower
22:45 Scout Tower
22:45 Scout Tower
22:46 Scout Tower
22:46 Scout Tower
24:21 Guard Tower
26:20 Guard Tower
26:42 Guard Tower
27:14 Orc Burrow
38:46 Town Hall
» items
| Circlet of Nobility | 5 | |
| Scroll of Regeneration | 2 | |
7 total
aMERICUHHHHHHHH (
teal | 18 APM | 112 actions | 06:12)
» actions
| Build / train | 11 | |
| Enter build submenu | 8 | |
| Right click | 59 | |
| Select / deselect | 26 | |
| Use ability | 8 | |
112 total
» units
» upgrades
» buildings
| Altar of Kings | 1 | |
| Farm | 6 | |
| Lumber Mill | 1 | |
| Keep | 1 | |
9 total
» build order
00:52 Altar of Kings
00:54 Farm
01:10 Lumber Mill
03:50 Farm
04:00 Farm
04:01 Farm
04:03 Farm
04:04 Farm
05:31 Keep
Chat log
(00:16 / 8) landofthefree: oh boy
(00:19 / 8) landofthefree: another level 1 pair
(00:42 / 8) landofthefree: your ally had .1 second reaction time on tha tafkers base
(01:28 / 7) sh1tsucker: zzz
(01:36 / All) suwozaki: pls no kick
(01:43 / 8) landofthefree: hilarious trolling
(01:46 / 8) landofthefree: trollolol
(02:00 / 8) landofthefree: i guess people dont use that word in this game
(06:26 / 8) landofthefree: can u tower it up>
(06:29 / All) bakkastabba: brb
(06:36 / All) suwozaki: o,o
(06:45 / 8) landofthefree: ok just manage 4 bases
(07:16 / 8) landofthefree: get lots of aa
(07:19 / 8) landofthefree: guy is pumping gargs
(07:34 / 8) landofthefree: just mass tier 1 ranged at 2+ bnases
(08:42 / All) suwozaki: leave fu
(10:00 / 8) landofthefree: hwo do you want to play this
(10:07 / 7) sh1tsucker: idk
(10:14 / 8) landofthefree: u could p lay tower defense
(10:16 / 8) landofthefree: vs 3 retards
(10:53 / 8) landofthefree: try to transition to air
(11:01 / 8) landofthefree: so youre not so bumbly
(11:15 / 7) sh1tsucker: fuck y DFKWAS
(11:24 / 8) landofthefree: up all bot towers
(11:28 / 7) sh1tsucker: I CANT DO THIS
(11:30 / 8) landofthefree: why not
(11:32 / 7) sh1tsucker: I KEEP HITTING `
(11:34 / 8) landofthefree: should i stab
(11:34 / 7) sh1tsucker: INSTEAD OF 1
(11:37 / 7) sh1tsucker: MY CONTROL GROUPS ARE FUCKED
(11:40 / 7) sh1tsucker: IM PRYING HTIS KEY OUT
(12:09 / Allies) suwozaki: gonna build siege tanks
(12:28 / Allies) suwozaki: can i get some gold?
(12:28 / 8) landofthefree: "im building siege tanks"
(13:56 / 8) landofthefree: want me to feed you xp?
(14:01 / 7) sh1tsucker: NO
(14:03 / 8) landofthefree: k
(14:25 / 8) landofthefree: he keeps setting a ward downjhill
(15:08 / Allies) HerbalDruid: ass
(16:55 / Allies) HerbalDruid: red ur a tool
(18:20 / 8) landofthefree: kill my air
(18:55 / 8) landofthefree: u need web
(19:07 / 8) landofthefree: oh shit ur bottom lane
(19:23 / Allies) HerbalDruid: lol that was a bad idea my bad
(23:37 / Allies) suwozaki: coming
(24:18 / Allies) HerbalDruid: red stop towering
(24:42 / Allies) suwozaki: bring units to yellow
(25:07 / 8) landofthefree: dont win already
(26:20 / Allies) suwozaki: im attacking
(26:56 / Allies) risingmoon28: wait
(27:00 / Allies) suwozaki: k
(27:22 / Allies) landofthefree: wood plz
(27:41 / Allies) HerbalDruid: gogo
(30:27 / Allies) landofthefree: wood plz
(31:36 / 8) landofthefree: lmao
(31:38 / 8) landofthefree: my ally stores his dragons
(31:40 / 8) landofthefree: over my towers
(32:13 / Allies) suwozaki: purple wait
(32:18 / Allies) suwozaki: let yellow build up
(32:33 / Allies) HerbalDruid: im good
(32:48 / Allies) suwozaki: can i get some gold red? il ltrade for wood
(32:58 / Allies) landofthefree: at what ratio
(33:04 / Allies) suwozaki: up to you
(33:08 / Allies) suwozaki: i got 1.3k wood
(33:28 / Allies) landofthefree: actually i dont need wood anymore
(33:40 / Allies) landofthefree: ill give you some gold out of charity
(35:02 / Allies) suwozaki: well gg
(35:27 / Allies) HerbalDruid: red man...
(35:54 / All) landofthefree: nmy fortress is complete
(36:19 / Allies) HerbalDruid: then get gryphs or somethin
(36:28 / Allies) suwozaki: na we need abominations
(36:30 / Allies) landofthefree: i spent all my gold
(36:31 / Allies) suwozaki: i got anti air
(36:41 / 7) sh1tsucker: IM BROKE
(36:43 / 7) sh1tsucker: caps
(36:44 / Allies) suwozaki: abom or knight
(36:46 / Allies) suwozaki: knigthts
(36:49 / 8) landofthefree: emptye xpo upstairs
(36:56 / 7) sh1tsucker: i know
(36:57 / 8) landofthefree: you should probably kill my allies' expos then
(37:03 / 7) sh1tsucker: if i could i would
(37:04 / 8) landofthefree: their heros are max level
(37:09 / 7) sh1tsucker: yes
(37:13 / Allies) suwozaki: lets build up
(37:14 / 7) sh1tsucker: what happened was i made a lot of air
(37:15 / Allies) landofthefree: everyone get in a zeppelin
(37:17 / Allies) suwozaki: not rush it this time
(37:17 / 7) sh1tsucker: and got it all killed by tanks
(37:21 / Allies) landofthefree: and gather above my toers
(37:42 / 8) landofthefree: they have enought o wipe you out
(37:42 / 8) landofthefree: shit
(38:29 / 7) sh1tsucker: i dont know how it noramlly is but on this keyboard the tilda is above the tab key
(38:34 / 7) sh1tsucker: so the 123 are shifted over to the eright
(38:42 / 7) sh1tsucker: so i hit tilda for 1 and 1 for 2
(39:39 / Allies) landofthefree: gather on my towers
(39:48 / Allies) suwozaki: that gold mine
(39:50 / Allies) suwozaki: has a lot of gold
(39:54 / Allies) suwozaki: we should capture it
(40:05 / Allies) landofthefree: lol
(40:07 / Allies) HerbalDruid: fuck u red\
(40:19 / Allies) landofthefree: aww i didnt mean nothin by it
(40:32 / Allies) HerbalDruid: ur a fag
(40:43 / Allies) risingmoon28: we going or what?
(40:52 / Allies) suwozaki: big trolls
(41:29 / Allies) suwozaki: lets go
(44:38 / All) suwozaki: just come kill us
(44:40 / All) suwozaki: red is trolling
(44:46 / All) suwozaki: killing us and built giant base of towers
(44:55 / All) landofthefree: he cant kill my towers
(44:56 / Allies) suwozaki: should be an easy win
(45:01 / All) suwozaki: should be an easy win
(46:25 / 8) landofthefree: you better net that dragon
(46:27 / 8) landofthefree: ur air doesnt hit it
(46:46 / 8) landofthefree: i dont think you can kill it at all
(46:53 / 8) landofthefree: nvm its going
(47:02 / All) HerbalDruid: gg
(47:06 / All) suwozaki: gg
(47:12 / All) HerbalDruid: if red hadnt been fightin us it woulda been bettere
(47:20 / All) sh1tsucker: if all 3 of my allies hadnt left
(47:21 / All) landofthefree: if his allies hadnt left
(47:23 / All) landofthefree: lmao
(47:26 / All) sh1tsucker: it would have been easier for me to stomp you
(47:27 / All) sh1tsucker: noob
(47:47 / All) HerbalDruid: good multitasking ill give it to u
(47:53 / 8) landofthefree: kill the elf main
(47:55 / All) suwozaki: his allies were all lower skill
(47:56 / 8) landofthefree: its at the top bridge
(48:11 / All) suwozaki: they probably would have done him worse
(48:16 / All) sh1tsucker: suck on my shit
(48:18 / All) sh1tsucker: gulp it down
(48:24 / 8) landofthefree: hes actually right
(48:25 / 8) landofthefree: lol
(48:38 / 8) landofthefree: why am i not revealed
(48:49 / All) suwozaki: u fcking suck noob shit
(49:32 / All) sh1tsucker: impressive tower brick
(49:38 / All) sh1tsucker: its red
(49:39 / All) landofthefree: im pro
(49:40 / All) sh1tsucker: the color of brick
(50:02 / All) suwozaki: hes fcking noonb shit
(50:19 / All) landofthefree: nothign can beat my cube
(51:35 / 7) sh1tsucker: brick last
(51:44 / Allies) HerbalDruid: ?
(51:55 / All) suwozaki: fcking noob fck off my base
(52:18 / All) HerbalDruid: i think we're all just wanting to see the brick break at this point
(52:25 / All) landofthefree: the brick wont break
(52:42 / All) HerbalDruid: ur right victory will be ours
(53:32 / Allies) HerbalDruid: so
(54:06 / Allies) suwozaki: lol fcking noon
(54:07 / Allies) suwozaki: noob
(54:20 / Allies) HerbalDruid: lol
(54:25 / Allies) HerbalDruid: pretty good
(54:39 / All) landofthefree: if you kill my wizard
(54:40 / All) landofthefree: ill leave
(54:44 / All) landofthefree: old whitebeard
(54:55 / All) HerbalDruid: ridin the pony
(55:24 / 8) landofthefree: you actually will probably beat the brick
(55:25 / 8) landofthefree: what do you think
(55:33 / 7) sh1tsucker: i never got frost breath
(55:34 / 8) landofthefree: between the sheer mass and grphon bounce shot
(55:39 / 7) sh1tsucker: or bouncing hgammers
(55:41 / 8) landofthefree: o
(55:43 / 7) sh1tsucker: wait yes i did
(55:49 / 7) sh1tsucker: no frost breath
(56:07 / 7) sh1tsucker: my heros on thel ft side of the screen
(56:08 / All) landofthefree: before you attack
(56:10 / 7) sh1tsucker: only shows like half hte heros
(56:11 / All) landofthefree: lets place our bets
(56:14 / All) landofthefree: i bet the brick will win
(56:20 / All) suwozaki: nope
(56:22 / All) HerbalDruid: ill give u 5 mins
(56:24 / All) landofthefree: fair fight, no stopping to heal
(56:27 / All) landofthefree: one attack
(56:30 / All) landofthefree: no running from battle
(56:34 / 7) sh1tsucker: should i go for hteo ld man or attack move
(56:37 / Allies) HerbalDruid: one attack maybe not
(56:39 / 8) landofthefree: attack move
(56:40 / All) sh1tsucker: im man enough
(56:45 / All) sh1tsucker: lets go
(56:59 / All) suwozaki: gg
(57:00 / All) landofthefree: BRICK
(57:01 / All) landofthefree: BRICK
(57:11 / All) HerbalDruid: break that shit@
(57:13 / All) landofthefree: holy shit lol
(57:21 / All) landofthefree: OLD MAN
(57:29 / All) landofthefree: THE BRICK WILL HOLD
(57:36 / All) suwozaki: gg
(57:37 / All) HerbalDruid: lol epic
(57:45 / 8) landofthefree: you should leave
(57:46 / 8) landofthefree: right away
(57:48 / All) HerbalDruid: hated u earlier but ill be savin this replay
(57:49 / All) sh1tsucker: fuck